 Dungeon Crawl Stone Soup version 0.28-a0-861-ge64d6db94f (webtiles) character file.

Game seed: 2363745120703340132

54072 jasper the Fencer (level 14, -2/88 (101) HPs)
             Began as a Tengu Fighter on Nov 16, 2021.
             Was a High Priest of Ru.
             Hit by a javelin thrown by Urug (8 damage)
             ... on level 12 of the Dungeon.
             The game lasted 00:37:14 (22690 turns).

jasper the Fencer (Tengu Fighter)                  Turns: 22690, Time: 00:37:15

HP:   -2/88 (101)   AC: 19    Str: 17      XL:     14   Next: 71%
MP:   2/13          EV: 18    Int:  7 (9)  God:    Ru [*****.]
Gold: 700           SH:  0    Dex: 18      Spells: 13/13 levels left

rFire   . . .      SeeInvis .   z - +3 great sword (flame)
rCold   . . .      Faith    .   (shield currently unavailable)
rNeg    . . .      Spirit   .   o - +2 scale mail {rPois}
rPois   +          Reflect  .   (helmet restricted)
rElec   .          Harm     .   h - +0 cloak
rCorr   .          Rampage  .   p - +0 pair of gloves
Will    +....                   (boots unavailable)
Stlth   ..........              (no amulet)
HPRegen 0.24/turn               w - +4 ring of protection
MPRegen 0.13/turn               (no ring)

@: exhausted, about to teleport, flying quickly and evasively, heavily drained,
quick
A: beak, talons 3, low mp 1, no stealth, inability to use devices, no earth
magic, no necromancy magic, no transmutations magic, nimble flight, horns 1,
iridescent scales 1, robust 1
a: Renounce Religion, Draw Out Power, Power Leap, Apocalypse


You were on level 12 of the Dungeon.
You worshipped Ru.
Ru was extremely pleased with you.
You visited 3 branches of the dungeon, and saw 19 of its levels.

You collected 1130 gold pieces.
You spent 430 gold pieces at shops.

Inventory:

Hand Weapons
 a - a +0 long sword
 n - a +3 dagger
 v - a +0 great sword
 y - a +3 scimitar
 z - a +3 great sword of flaming (weapon)
 F - a +1 short sword of electrocution
Missiles
 d - 11 boomerangs
 i - 5 javelins
 j - 483 stones
 k - 24 poisoned darts (quivered)
 m - 3 throwing nets
 L - 2 atropa-tipped darts
 Q - 6 curare-tipped darts
Armour
 b - a +0 scale mail
 f - a +0 scale mail
 h - a +0 cloak (worn)
 o - a +2 scale mail of poison resistance (worn)
 p - a +0 pair of gloves (worn)
 K - +0 fire dragon scales
 O - +0 storm dragon scales
Jewellery
 w - a +4 ring of protection (left hand)
 C - a ring of magical power
 S - the ring of Checkmate {*Corrode rElec rPois Str+10 Int-5}
   (You found it on level 11 of the Dungeon)

   [ring of poison resistance]

   Str:       It affects your strength (+10).
   Int:       It affects your intelligence (-5).
   rElec:     It insulates you from electricity.
   rPois:     It protects you from poison.
   *Corrode:  It may corrode you when you take damage.
 T - a ring of positive energy
Wands
 s - a wand of digging (10)
 x - a wand of flame (28)
Scrolls
 r - a scroll of enchant armour
 t - 5 scrolls of teleportation
 A - 4 scrolls of identify
 D - 3 scrolls of amnesia
 E - a scroll of summoning
 G - a scroll of torment
 J - a scroll of fog
 N - a scroll of vulnerability
 R - 2 scrolls of enchant weapon
Potions
 c - a potion of ambrosia
 e - 3 potions of brilliance
 g - 3 potions of attraction
 l - 9 potions of curing
 q - 5 potions of flight
 B - 5 potions of lignification
 I - 3 potions of mutation
 M - 3 potions of resistance
 P - a potion of invisibility


   Skills:
 - Level 12.7 Fighting
 + Level 19.9 Long Blades
 - Level 10.1 Armour
 - Level 9.5 Dodging
 - Level 4.0 Shields


You had 13 spell levels left.
You didn't know any spells.
Your spell library contained the following spells:

 Spells                   Type           Power      Damage    Failure   Level
 Apportation              Tloc           0%         N/A       77%         1
 Summon Small Mammal      Summ           0%         N/A       77%         1
 Ensorcelled Hibernation  Hex/Ice        0%         N/A       88%         2
 Call Canine Familiar     Summ           0%         N/A       98%         3
 Portal Projectile        Hex/Tloc       0%         N/A       98%         3
 Tukima's Dance           Hex            0%         N/A       98%         3
 Passage of Golubria      Tloc           0%         N/A       100%        4
 Summon Lightning Spire   Summ/Air       0%         N/A       100%        4
 Conjure Ball Lightning   Conj/Air       0%         3x3d6     100%        6
 Spellforged Servitor     Conj/Summ      0%         N/A       100%        7
 Discord                  Hex            0%         N/A       100%        8
 Disjunction              Tloc           0%         N/A       100%        8
 Animate Skeleton         Necr           Unusable   N/A       N/A         1
 Beastly Appendage        Tmut           Unusable   N/A       N/A         1
 Pain                     Necr           Unusable   1d4       N/A         1
 Sandblast                Erth           Unusable   2d4       N/A         1
 Passwall                 Tmut/Erth      Unusable   N/A       N/A         2
 Wereblood                Tmut           Unusable   N/A       N/A         2
 Spider Form              Tmut/Pois      Unusable   N/A       N/A         3
 Stone Arrow              Conj/Erth      Unusable   3d7       N/A         3
 Animate Armour           Summ/Erth      Unusable   N/A       N/A         4
 Leda's Liquefaction      Hex/Erth       Unusable   N/A       N/A         4
 Agony                    Necr           Unusable   N/A       N/A         5
 Excruciating Wounds      Necr           Unusable   N/A       N/A         5
 Yara's Violent Unravell  Hex/Tmut       Unusable   3d3       N/A         5

Dungeon Overview and Level Annotations

Branches:
Dungeon (12/15)            Temple (1/1) D:4            Lair (6/6) D:11
 Shoals (0/4) Lair:3       Spider (0/4) Lair:4        Slime (0/5) Lair:5
    Orc (0/2) D:11

Altars:
Ashenzari
Cheibriados
Dithmenos
Elyvilon
Fedhas
Gozag
Hepliaklqana
Kikubaaqudgha
Makhleb
Nemelex Xobeh
Okawaru
Qazlal
Ru
Sif Muna
Trog
Uskayaw
Vehumet
Wu Jian
Xom
Yredelemnul
Zin
The Shining One

Shops:
D:2 [   D:8 *

Annotations:
D:5 2 transporters, Atlas's ghost, novice DjIE
D:10 Fannar
D:11 exclusion: orange crystal statue
D:12 Maurice; Snorg; Urug


Innate Abilities, Weirdness & Mutations

You have a beak for a mouth.
You have claws for feet.
Your magical capacity is low. (-10% MP)
You cannot be stealthy.
You cannot study or use magical devices.
You cannot study or cast Earth magic.
You cannot study or cast Necromancy magic.
You cannot study or cast Transmutations magic.
Your magical nature lets you fly swiftly and evasively.
You have a pair of small horns on your head.
You are partially covered in iridescent scales. (AC +2)
You are robust. (+10% HP)


Message History

You take 12 damage, and have 16/91 hp.
The troll completely misses you. The troll barely misses you.
The troll misses you. Snorg completely misses you. Snorg claws you!
* * * LOW HITPOINT WARNING * * *
Snorg misses you.
You take 12 damage, and have 5/91 hp.
You reveal the great annihilating truth to your foes!
You kill the hog! x2; You kill the troll!
The troll leather armour is intact enough to wear.
Snorg slows down under the weight of truth!
The sphinx slows down under the weight of truth!
The manticore is paralysed by terrible understanding!
You kill Kirke!
The manticore disappears in a puff of smoke!
The sphinx disappears in a puff of smoke!
You kill the hog!
You feel drained.
No longer under Kirke's spell, the hog returns to its human form!
Your transformation has ended.
Your +3 great sword of flaming unmelds from your body.
Your +0 cloak unmelds from your body.
Your +0 pair of gloves unmelds from your body.
Your +2 scale mail of poison resistance unmelds from your body.
Your +4 ring of protection unmelds from your body.
Your +3 great sword of flaming bursts into flame!
You feel resistant to poison.
You hear a bellow! x4
You feel your intelligence returning.
You now have 1/13 mp.
Okay, then.
Urug the Orcish Ballista comes into view.
She is wielding a +6 long sword of flaming and wearing a +1 ring mail of positive energy.
Maurice the Thief comes into view.
He is wielding a +0 short sword and carrying a wand of polymorph (13).
As you read the scroll of teleportation, it crumbles to dust.
You feel strangely unstable.
Maurice shouts, "Mine, all mine!"
Maurice mumbles some strange words.
Maurice flickers and vanishes!
Deactivating autopickup; reactivate with Ctrl-A.
Urug throws a javelin.
The javelin pierces through you!
You die...

,,,,........#,,,,,,*.....#
,,,>........#,,,,,,*.....#
,,,,,.......#####++#...#**
,,,,,,.................#
.******#...........<...#
.*,,,,,#..........######
.*,,,,##..........#
.*,,,,#..........†#
.+,,,,#....[....@.#
.######..†....T...#
..hh.†...†........#
..@h..............#
.†)..†..........{o#
.################.#******
.*,,,,,,,,,,,,,,*...,,,,*
.*,,,,,,,,,,,,,,*....,,,*
.+,,,,,,,,,,,,,,*.....,,*


You could see Snorg (slow) and Urug.

Vanquished Creatures
  Kirke (D:12)
  3 hydras
  A catoblepas (Lair:3)
  2 boulder beetles
  A two-headed ogre (D:9)
  6 death yaks (Lair:5)
  Nergalle (D:12)
  An orb spider (Lair:4)
  2 wolf spiders (Lair:3)
  A cyclops (D:11)
  13 elephants
  2 merfolk sirens (Lair:3)
  6 black mambas
  12 cane toads
  A torpor snail (Lair:5)
  An unseen horror (D:11)
  2 rime drakes
  14 komodo dragons
  A troll (D:12)
  5 hornets (Lair:6)
  5 polar bears (Lair:6)
  A dream sheep (Lair:6)
  8 blink frogs
  A vampire (D:12)
  12 spriggans (Lair:6)
  2 wraiths (D:11)
  Sigmund (D:5)
  56 yaks
  4 wyverns
  6 hogs (D:12)
  2 steam dragons
  16 water moccasins
  5 orc warriors
  8 black bears
  2 necrophages
  39 wolves
  4 ogres
  5 centaurs
  A phantom (D:5)
  4 boggarts (Lair:6)
  A kobold brigand (D:8)
  Blork the orc (D:6)
  11 bullfrogs
  A gnoll sergeant (D:9)
  2 scorpions
  10 killer bees
  8 wights
  8 electric eels (D:8)
  5 howler monkeys
  A bullfrog zombie (D:6)
  5 hounds
  8 centaur zombies
  14 orc priests
  6 jellies
  A centaur skeleton (D:5)
  2 bullfrog skeletons
  Jessica (D:3)
  A gnoll shaman (D:4)
  An iguana (D:5)
  9 orc wizards
  A killer bee zombie (D:8)
  A hound skeleton (D:4)
  6 gnolls
  7 adders
  2 white imps
  2 ufetubi (D:7)
  4 worms
  7 dart slugs
  46 orcs
  5 ball pythons
  8 endoplasms
  4 giant cockroaches
  7 goblins
  10 hobgoblins
  3 quokkas
  A bat (D:1)
  5 frilled lizards
  11 kobolds
  3 rats
487 creatures vanquished.

Vanquished Creatures (others)
  A death yak (Lair:5)
  A gnoll (D:5)
  An orc (D:5)
  2 kobolds (D:8)
  63 fungi
  88 plants
156 creatures vanquished.

Grand Total: 643 creatures vanquished

Notes
Turn   | Place    | Note
-------+----------+-------------------------------------------
     0 | D:1      | jasper the Tengu Fighter began the quest for the Orb.
     0 | D:1      | Reached XP level 1. HP: 14/14 MP: 2/2
   130 | D:1      | Reached XP level 2. HP: 19/19 MP: 3/3
   365 | D:1      | Found a faded altar of an unknown god.
   652 | D:1      | Reached skill level 3 in Long Blades
   785 | D:1      | Reached XP level 3. HP: 23/23 MP: 4/4
  1738 | D:2      | Found Geddaiw's Armour Shop.
  1805 | D:2      | Reached XP level 4. HP: 28/28 MP: 5/5
  2124 | D:2      | Reached skill level 4 in Long Blades
  3140 | D:3      | Gained mutation: Your magical nature lets you fly swiftly
                  | and evasively. [Tengu growth]
  3140 | D:3      | Reached XP level 5. HP: 31/32 MP: 6/6
  3360 | D:3      | Noticed Jessica
  3371 | D:3      | Killed Jessica
  3372 | D:3      | Reached skill level 5 in Long Blades
  3444 | D:3      | Gained mutation: You have a pair of small horns on your
                  | head. [potion of mutation]
  3444 | D:3      | Gained mutation: You are partially covered in iridescent
                  | scales. (AC +2) [potion of mutation]
  3444 | D:3      | Gained mutation: You are robust. (+10% HP) [potion of
                  | mutation]
  3754 | D:4      | Reached XP level 6. HP: 37/40 MP: 7/7
  3755 | D:4      | Reached skill level 6 in Long Blades
  3957 | D:4      | Reached skill level 7 in Long Blades
  4021 | D:4      | Noticed a black bear
  4039 | D:4      | Killed a black bear
  4040 | D:4      | Reached XP level 7. HP: 45/45 MP: 8/8
  4085 | D:4      | Reached skill level 8 in Long Blades
  4230 | D:4      | Found a staircase to the Ecumenical Temple.
  4240 | Temple   | Entered the Ecumenical Temple
  4375 | Temple   | Became a worshipper of Ru the Awakened
  4491 | D:4      | Got the Reference Book on Creation
  4964 | D:5      | Entered Level 5 of the Dungeon
  5168 | D:5      | Noticed Sigmund
  5210 | D:4      | Reached skill level 9 in Long Blades
  5331 | D:5      | Reached XP level 8. HP: 43/50 MP: 9/9
  5707 | D:5      | Reached skill level 10 in Long Blades
  6125 | D:5      | Reached skill level 11 in Long Blades
  6207 | D:5      | Found a transporter.
  6208 | D:5      | Found a transporter.
  6214 | D:5      | Noticed Atlas's ghost (novice DjIE)
  6368 | D:5      | Killed Sigmund
  6369 | D:5      | Reached skill level 12 in Long Blades
  6369 | D:5      | Reached XP level 9. HP: 35/55 MP: 10/10
  6563 | D:5      | Gained mutation: You cannot be stealthy. [Ru sacrifice]
  7093 | D:6      | Noticed Blork the orc
  7101 | D:6      | Killed Blork the orc
  7292 | D:6      | Reached skill level 13 in Long Blades
  8159 | D:7      | Found an iron altar of Okawaru.
  8417 | D:7      | Reached skill level 14 in Long Blades
  8710 | D:7      | Reached skill level 1 in Dodging
  9148 | D:8      | Reached XP level 10. HP: 61/61 MP: 11/11
  9519 | D:8      | Reached skill level 5 in Fighting
  9567 | D:8      | Gained mutation: You cannot study or cast Earth magic. [Ru
                  | sacrifice]
  9567 | D:8      | Gained mutation: You cannot study or cast Transmutations
                  | magic. [Ru sacrifice]
  9567 | D:8      | Gained mutation: You cannot study or cast Necromancy magic.
                  | [Ru sacrifice]
  9567 | D:8      | Reached * piety under Ru
  9567 | D:8      | Reached ** piety under Ru
  9734 | D:8      | Found Rymoroej's Assorted Antiques.
  9743 | D:8      | Bought a scroll of teleportation for 93 gold pieces
  9743 | D:8      | Bought a fizzy coppery potion for 27 gold pieces
  9743 | D:8      | Bought a scroll of identify for 62 gold pieces
  9743 | D:8      | Bought a potion of curing for 93 gold pieces
  9743 | D:8      | Bought a gilded ring for 155 gold pieces
  9910 | D:8      | Reached skill level 5 in Armour
 10335 | D:9      | Noticed a two-headed ogre
 10398 | D:9      | Killed a two-headed ogre
 10666 | D:8      | Reached skill level 5 in Dodging
 11042 | D:9      | Reached XP level 11. HP: 73/73 MP: 12/12
 11388 | D:10     | Entered Level 10 of the Dungeon
 11499 | D:10     | Noticed Fannar
 11524 | D:11     | Noticed a cyclops
 11547 | D:11     | Killed a cyclops
 11676 | D:11     | Found a staircase to the Lair.
 11923 | D:11     | Found a staircase to the Orcish Mines.
 11980 | D:11     | Noticed a boulder beetle
 11995 | Lair:1   | Entered Level 1 of the Lair of Beasts
 12505 | Lair:1   | Reached skill level 10 in Fighting
 12515 | Lair:1   | Gained mutation: You cannot study or use magical devices.
                  | [Ru sacrifice]
 12515 | Lair:1   | Reached *** piety under Ru
 12515 | Lair:1   | Reached **** piety under Ru
 12799 | Lair:1   | Reached XP level 12. HP: 79/84 MP: 13/13
 15520 | Lair:3   | Noticed a catoblepas
 15539 | Lair:3   | Killed a catoblepas
 15674 | Lair:3   | Found a staircase to the Shoals.
 15699 | Lair:3   | Noticed a five-headed hydra
 15714 | Lair:3   | Killed a five-headed hydra
 16468 | Lair:3   | Reached skill level 10 in Armour
 16468 | Lair:3   | Reached XP level 13. HP: 91/95 MP: 14/14
 17535 | Lair:4   | Found a hole to the Spider Nest.
 18190 | Lair:5   | Reached skill level 15 in Long Blades
 18404 | Lair:5   | Found a staircase to the Slime Pits.
 18464 | Lair:5   | You are sucked into a shaft and drop 1 floor!
 18464 | Lair:6   | Entered Level 6 of the Lair of Beasts
 18649 | Lair:5   | Reached skill level 16 in Long Blades
 19490 | Lair:6   | Reached skill level 17 in Long Blades
 19722 | Lair:6   | Reached XP level 14. HP: 87/101 MP: 15/15
 20297 | Lair:6   | Reached skill level 18 in Long Blades
 21044 | Lair:6   | Reached skill level 19 in Long Blades
 21133 | Lair:6   | Gained mutation: Your magical capacity is low. (-10% MP)
                  | [Ru sacrifice]
 21133 | Lair:6   | Reached ***** piety under Ru
 22408 | D:11     | Identified the ring of Checkmate {*Corrode rElec rPois
                  | Str+10 Int-5}
 22649 | D:12     | Noticed Nergalle
 22654 | D:12     | Noticed Kirke
 22658 | D:12     | Killed Nergalle
 22668 | D:12     | Noticed a sphinx
 22669 | D:12     | Noticed Snorg
 22684 | D:12     | Killed Kirke
 22685 | D:12     | Noticed Urug
 22686 | D:12     | Noticed Maurice
 22690 | D:12     | Hit by a javelin thrown by Urug

Illustrated notes

Levels and vault maps discovered:
D:1:      dpeg_arrival_orchard, layout_loops_corners,
          shapermc_ecumenical_altar_venn, minivault_26, minmay_misc_feat_roman,
          minmay_tromino_v7
D:2:      layout_loops_ring, serial_shops, shop
D:3:      layout_basic, kennysheep_decorative_pillar, minmay_misc_feat_five,
          kennysheep_jessica_study
D:4:      layout_loops_ring, minmay_temple_entry_fiery, minmay_fountain_box
D:5:      layout_cave_pools, gammafunk_ghost_hive, grunt_decor_one_mirror,
          grunt_decor_fettered, hangedman_decor_lopped, uniq_sigmund
D:6:      layout_layer_cave, kennysheep_another_room, uniq_blork_the_orc
D:7:      layout_rooms, okawaru_altar_gauntlet_db, lemuel_another_geyser
D:8:      layout_basic, serial_bayou, serial_bayou_lagoon_b,
          serial_bayou_lagoon_a, serial_bayou_lake_a, serial_bayou_pond_b,
          serial_shops, nicolae_stop_n_shop_2
D:9:      layout_loops_ring
D:10:     layout_irregular_city, the_hattery, uniq_fannar
D:11:     layout_long_grid, david_lair_generic, david_orc_2,
          minmay_protected_statue
D:12:     layout_irregular_city, gauntlet_entry_generic,
          nicolae_figureground_sparkle, uniq_kirke, uniq_nergalle, uniq_maurice,
          uniq_urug, uniq_jorgrun, uniq_snorg
Temple:   mainiacjoe_temple_starburst
Lair:1:   layout_layer_cave, serial_bayou_shore_b, infiniplex_staircase_pool,
          lemuel_fruit_fields, grunt_megastairs_4
Lair:2:   layout_cave_pods, nicolae_quartered_pool_super
Lair:3:   layout_concentric_octagons, elwin_shoals_entry_rooms,
          serial_bayou_pond_b, nicolae_lair_run_with_the_wolves,
          grunt_megastairs_2
Lair:4:   layout_cave_pods, nicolae_spider_entry_orb_guardian
Lair:5:   layout_roguey, nicolae_slime_entry_slimehenge, serial_bayou_pond_e,
          chequers_serial_rivers_small_3, grunt_megastairs_1,
          lemuel_fruit_fields
Lair:6:   minmay_lair_end_enchanted_forest, layout_regular_city

Skill      XL: |  1  2  3  4  5  6  7  8  9 10 11 12 13 14 |
---------------+-------------------------------------------+-----
Long Blades    | 3 4 5 7 9 12 14 17 19 | 19.9
Shields        | 4 |  4.0
Dodging        | 1 5 7 9 |  9.5
Fighting       | 4 7 10 12 | 12.7
Armour         | 6 8 10 | 10.1

Action                   |  1- 3 |  4- 6 |  7- 9 | 10-12 | 13-15 || total
-------------------------+-------+-------+-------+-------+-------++-------
Melee: Long sword        |    72 |    79 |   253 |       |       ||   404
       Kick              |    11 |    17 |    77 |   212 |   213 ||   530
       Peck              |     5 |    16 |    43 |   158 |   126 ||   348
       Headbutt          |       |     7 |    59 |   174 |   136 ||   376
       Scimitar          |       |       |       |   572 |    21 ||   593
       Short sword       |       |       |       |     7 |       ||     7
       Great sword       |       |       |       |       |   523 ||   523
       Unarmed           |       |       |       |       |     3 ||     3
Throw: Dart              |    26 |    53 |    92 |    57 |    43 ||   271
Invok: Sacrifice Stealth |       |       |     1 |       |       ||     1
       Sacrifice Arcana  |       |       |       |     1 |       ||     1
       Sacrifice Artific |       |       |       |     1 |       ||     1
       Reject Sacrifices |       |       |       |     1 |       ||     1
       Draw Out Power    |       |       |       |       |     3 ||     3
       Power Leap        |       |       |       |       |     2 ||     2
       Apocalypse        |       |       |       |       |     2 ||     2
       Sacrifice Essence |       |       |       |       |     1 ||     1
Evoke: Wand              |       |       |    13 |    15 |       ||    28
  Use: Scroll            |     1 |     6 |     5 |     5 |    12 ||    29
       Potion            |       |     5 |     5 |     2 |     4 ||    16
 Stab: Distracted        |       |       |       |     2 |     3 ||     5
       Invisible         |       |       |       |     2 |     1 ||     3
Armor: Scale mail        |    17 |    28 |    92 |   145 |   223 ||   505
Dodge: Dodged            |    23 |    22 |    99 |   229 |   466 ||   839
Block: Buckler           |    10 |    24 |    62 |   115 |     3 ||   214

Table legend: (Time is in decaauts)
 A = Elapsed time spent in this place.
 B = Non-inter-level travel time spent in this place.
 C = Inter-level travel time spent in this place.
 D = Time resting spent in this place.
 E = Time spent auto-exploring this place.
 F = Levels seen in this place.
 G = Mean time per level.
                   A        B        C        D        E       F      G
               +--------+--------+--------+--------+--------+-----+--------+
         Total |  21295 |  20669 |    626 |   4353 |  12492 |  19 | 1120.8 |
       Dungeon |  12122 |  11795 |    327 |   2605 |   7015 |  12 | 1010.2 |
        Temple |    173 |    124 |     49 |      0 |     94 |   1 |  173.0 |
          Lair |   9000 |   8751 |    249 |   1747 |   5381 |   6 | 1500.0 |
               +--------+--------+--------+--------+--------+-----+--------+

Top non-repeatable levels by time:
  Lair:1: 2124 daAuts
  Lair:6: 1769 daAuts
  Lair:3: 1574 daAuts
  Lair:5: 1550 daAuts
     D:4: 1386 daAuts
     D:5: 1330 daAuts
     D:2: 1304 daAuts
    D:11: 1293 daAuts
     D:1: 1246 daAuts
     D:8: 1200 daAuts
     D:3: 1189 daAuts
     D:6: 1184 daAuts
  Lair:4: 1071 daAuts
     D:7: 930 daAuts
  Lair:2: 910 daAuts
